 Dungeon Sprint DCSS version 0.17-a0-1382-gc46a074 (webtiles) character file.

115 Kidiri the Ducker (level 4, 0/23 HPs)
             Began as a Spriggan Warper on June 15, 2015.
             Killed from afar by Sigmund (9 damage)
             ... with a puff of flame
             ... in the Dungeon (Sprint I: "Red Sonja").
             The game lasted 00:01:52 (204 turns).

Kidiri the Ducker (Spriggan Warper)                  Turns: 204, Time: 00:01:53

Health: 0/23       AC:  2    Str:  7    XL:     4   Next: 68%
Magic:  4/12       EV: 21    Int: 15    God:
Gold:   54         SH:  0    Dex: 15    Spells: 3 memorised, 8 levels left

rFire  . . .     SeeInvis +     a - +0 short sword
rCold  . . .     Clarity  .     b - +0 robe
rNeg   . . .     SustAt   .     (shield restricted)
rPois  .         Gourm    .     (helmet restricted)
rElec  .         Spirit   .     (no cloak)
rCorr  .         Warding  .     (gloves unavailable)
rMut   .         NoTele   +     (boots unavailable)
MR     .....                    (no amulet)
Stlth  +++.......               (no ring)
                                (no ring)

@: shrouded, very quick, not resistant to hostile enchantments, fairly stealthy
A: unfitting armour, see invisible, herbivore 3, speed 3, slow metabolism 2
a: no special abilities


You were in the Dungeon.
You were not hungry.

You visited 1 branch You collected 54 gold pieces.

Inventory:

Hand weapons
 a - a +0 short sword (weapon)
Missiles
 e - 3 tomahawks of dispersal (quivered)
Armour
 b - a +0 robe (worn)
Scrolls
 d - 2 scrolls of blinking
Potions
 g - a potion of curing
 h - a potion of heal wounds
 i - a potion of haste
 j - 2 potions of magic
 k - a potion of berserk rage
Books
 c - a book of Spatial Translocations

   Spells                             Type                      Level
   a - Apportation                    Translocation                1
   b - Blink                          Translocation                2
   c - Shroud of Golubria             Charms/Translocation         2
   d - Portal Projectile              Translocation                3
   e - Teleport Other                 Translocation                3
   f - Passage of Golubria            Translocation                4
Comestibles
 f - a bread ration


   Skills:
 + Level 2.6 Fighting
 * Level 4.6 Short Blades
 + Level 3.2 Throwing
 * Level 6.6 Dodging
 * Level 5.7 Stealth
 * Level 5.2 Spellcasting
 + Level 2.6 Charms
 + Level 5.9 Translocations


You had 8 spell levels left.
You knew the following spells:

 Your Spells              Type           Power        Failure   Level  Hunger
a - Apportation           Tloc           ###.......   1%          1    None
b - Blink                 Tloc           N/A          1%          2    ##.....
c - Shroud of Golubria    Chrm/Tloc      ###.......   4%          2    ##.....


Dungeon Overview and Level Annotations

Branches:
Dungeon (1/1)

Altars:

Annotations:
D Sigmund


Innate Abilities, Weirdness & Mutations

You are tiny and cannot use many weapons and most armour.
You have supernaturally acute eyesight.
You are a herbivore.
You cover ground extremely quickly.
You need consume almost no food.


Message History

Throwing (i - inventory):
e - 5 tomahawks of dispersal (quivered)
Press: ? - help, Shift-Dir - straight line, f - Sigmund
Aim: Sigmund, wielding a scythe and wearing a robe (heavily wounded, slightly transparent)
You throw a tomahawk of dispersal.
The tomahawk of dispersal completely misses Sigmund.
Sigmund misses you.
Casting: Shroud of Golubria
Confirm with . or Enter, or press ? or * to list all spells.
You blink.
Sigmund barely misses you.
Things that are here:
a giant club; 4 chunks of flesh Throwing (i - inventory):
e - 4 tomahawks of dispersal (quivered)
Press: ? - help, Shift-Dir - straight line, f/p - Sigmund
Aim: Sigmund, wielding a scythe and wearing a robe (heavily wounded, slightly transparent)
You throw a tomahawk of dispersal.
The tomahawk of dispersal hits Sigmund but does no damage.
Sigmund is heavily wounded.
Sigmund gestures at you while chanting. The puff of flame hits you!
You die...

#############
#<.#..'@.#..+
#..').#..'@§#
#..#####'####
#..# #..#
#..# ####
#..# #⌠⌠#
####


You could see Sigmund (invisible).

Vanquished Creatures
  An ogre (D)
  Ijyb (D)
2 creatures vanquished.

Notes
Turn   | Place    | Note
--------------------------------------------------------------
     0 | D        | Kidiri the Spriggan Warper began the quest for the Orb.
     0 | D        | Reached XP level 1. HP: 10/10 MP: 5/5
     2 | D        | Noticed Ijyb
    30 | D        | Killed Ijyb
    30 | D        | Reached skill level 5 in Dodging
    30 | D        | Reached skill level 5 in Translocations
    30 | D        | Reached XP level 2. HP: 10/15 MP: 5/7
    36 | D        | Learned a level 2 spell: Blink
    39 | D        | Learned a level 2 spell: Shroud of Golubria
   126 | D        | Noticed an ogre
   137 | D        | Killed an ogre
   137 | D        | Reached skill level 6 in Dodging
   137 | D        | Reached skill level 5 in Stealth
   137 | D        | Reached skill level 5 in Spellcasting
   137 | D        | Reached XP level 3. HP: 17/19 MP: 5/10
   137 | D        | Reached XP level 4. HP: 20/23 MP: 6/12
   185 | D        | Noticed Sigmund
   204 | D        | Killed from afar by Sigmund

Vault maps used:
D:        dungeon_sprint_1

Action                   |  1- 3 |  4- 6 || total
-------------------------+-------+-------++-------
Melee: Short sword       |    34 |    11 ||    45
Throw: Tomahawk          |       |     2 ||     2
 Cast: Shroud of Golubri |     1 |     3 ||     4
       Blink             |       |     2 ||     2
 Stab: Sleeping          |     1 |       ||     1
